 Dungeon Crawl Stone Soup version 0.30-a0-862-g1aabd4f9c5 (webtiles) character file.

Game seed: 431973394898673007

410 qeuew the Chopper (level 6, -2/53 HPs)
             Began as a Hill Orc Fighter on Mar 9, 2023.
             Slain by a gnoll
             ... wielding a +0 halberd
             ... led by a gnoll bouda
              (11 damage)
             ... on level 4 of the Dungeon.
             The game lasted 00:02:55 (2391 turns).

qeuew the Chopper (Hill Orc Fighter)                Turns: 2391, Time: 00:02:56

Health: -2/53      AC:  7    Str: 19    XL:     6   Next: 89%
Magic:  6/6        EV: 10    Int:  8    God:
Gold:   135        SH:  5    Dex: 12    Spells: 5/5 levels left

rFire   . . .      SeeInvis .    a - +1 war axe
rCold   . . .      Faith    .    c - +0 buckler
rNeg    . . .      Spirit   .    b - +0 scale mail
rPois   .          Reflect  .    (no helmet)
rElec   .          Rampage  .    (no cloak)
rCorr   .                        (no gloves)
Will    .....                    (no boots) Stlth
                                 (no amulet)
HPRegen 0.28/turn                (no ring)
MPRegen 0.10/turn                (no ring)

@: lethally poisoned (-2 -> -5)
A: no striking features
a: no special abilities


You were on level 4 of the Dungeon.
You visited 1 branch of the dungeon, and saw 4 of its levels.

You collected 135 gold pieces.

Inventory:

Hand Weapons
 a - a +1 war axe (weapon)
Armour
 b - a +0 scale mail (worn)
 c - a +0 buckler (worn)
Scrolls
 g - 2 scrolls of teleportation
 k - a scroll of amnesia
Potions
 e - a potion of resistance
 f - a potion of cancellation
 h - 2 potions of haste


   Skills:
 + Level 4.6 Fighting
 * Level 5.5 Axes
 * Level 5.1 Armour
 + Level 1.9 Dodging
 + Level 4.3 Shields


You had 5 spell levels left.
You didn't know any spells.
Your spell library contained the following spells:

 Spells                   Type           Power      Damage    Failure   Level
 Sandblast                Erth           0%         2d4       85%         1
 Passwall                 Tmut/Erth      0%         N/A       94%         2
 Static Discharge         Conj/Air       0%         2-2/arc   94%         2
 Frozen Ramparts          Ice            0%         1d1       99%         3
 Stone Arrow              Conj/Erth      0%         3d7       99%         3
 Vhi's Electric Charge    Tloc/Air       0%         N/A       99%         3
 Ice Form                 Ice/Tmut       0%         N/A       100%        4
 Summon Ice Beast         Ice/Summ       0%         N/A       100%        4
 Arcjolt                  Conj/Air       0%         1d10      100%        5
 Lightning Bolt           Conj/Air       0%         1d11      100%        5


Dungeon Overview and Level Annotations

Branches:
Dungeon (4/15)
 Temple: D:4-7

Altars:


Message History

The gnoll bouda hits you with a +0 whip!
The gnoll barely misses you.
The gnoll hits you from afar with a +0 halberd!
You are too injured to fight recklessly!
You are too injured to fight recklessly!
You are too injured to fight recklessly!
You are too injured to fight recklessly!
You are too injured to fight recklessly!
You are too injured to fight recklessly!
You are too injured to fight recklessly!
You are too injured to fight recklessly!
You are too injured to fight recklessly!
You are too injured to fight recklessly!
You are too injured to fight recklessly!
Unknown command.
You hit the gnoll bouda but do no damage.
You hit the gnoll. The gnoll bouda closely misses you.
You block the gnoll's attack. x2; The gnoll bouda misses you.
A kobold comes into view.
It is wielding a +0 whip and quivering poisoned darts.
You slash the gnoll bouda!
The gnoll bouda is heavily wounded.
You slash the gnoll!
You kill the gnoll!
The gnoll barely misses you. The gnoll bouda barely misses you.
The kobold throws a poisoned dart.
The poisoned dart hits you!
You are poisoned.
You slash the gnoll bouda!
You kill the gnoll bouda!
You feel very sick.
The gnoll hits you from afar with a +0 halberd!
* * * LOW HITPOINT WARNING * * *
The gnoll misses you.
You feel sick.
The gnoll is no longer moving quickly.
The kobold throws a poisoned dart.
The poisoned dart barely misses you. The gnoll closely misses you.
You see here a +0 whip.
Okay, then.
You closely miss the gnoll.
You feel sick.
The kobold throws a poisoned dart.
The poisoned dart barely misses you. The gnoll hits you with a +0 halberd!
You die...

##............#
#........#..###
######....###......#
##...........#..##..#
..........$....## #..
........)...##..# ..
...........## ..#
.......)..##.....#
.$.....@))..$.....
...?...g........
.#..............
#.##......####. #
.......# .......K#
..........
............


You could see a gnoll and a kobold.

Vanquished Creatures
  Sigmund (D:2)
  A scorpion (D:4)
  A gnoll bouda (D:4)
  An iguana (D:4)
  6 gnolls
  3 adders
  2 dart slugs
  A worm (D:2)
  An orc (D:4)
  6 bats
  7 endoplasms
  A giant cockroach (D:1)
  3 goblins
  9 hobgoblins
  5 kobolds
  2 quokkas
  6 ball pythons
  4 frilled lizards
  5 rats
65 creatures vanquished.

Notes
Turn   | Place    | Note
-------+----------+-------------------------------------------
     0 | D:1      | qeuew the Hill Orc Fighter began the quest for the Orb.
     0 | D:1      | Reached XP level 1. HP: 19/19 MP: 1/1
   124 | D:1      | Reached XP level 2. HP: 27/27 MP: 2/2
   376 | D:1      | Reached XP level 3. HP: 33/33 MP: 3/3
   398 | D:1      | You fall into a shaft and drop 1 floor!
   583 | D:1      | Reached skill level 1 in Dodging
  1118 | D:2      | Noticed Sigmund
  1131 | D:2      | Killed Sigmund
  1132 | D:2      | Reached XP level 4. HP: 18/41 MP: 4/4
  1132 | D:2      | Reached XP level 5. HP: 20/47 MP: 5/5
  1497 | D:3      | Reached XP level 6. HP: 53/53 MP: 6/6
  1727 | D:3      | Reached skill level 5 in Axes
  2376 | D:4      | Reached skill level 5 in Armour
  2391 | D:4      | Slain by a gnoll

Illustrated notes

Levels and vault maps discovered:
D:1:      mrwooster_arrival_arrow, layout_loops_cross
D:2:      layout_rooms, hangedman_decor_riveting,
          wander_ebering_terrifying_dragon_lair, uniq_sigmund
D:3:      layout_basic, dreamdust_princess_bridge
D:4:      layout_cave_pools

Skill      XL: |  1  2  3  4  5  6 |
---------------+-------------------+-----
Axes           | 3 4 5 |  5.5
Dodging        | 1 |  1.9
Fighting       | 4 |  4.6
Armour         | 4 5 |  5.1
Shields        | 4 |  4.3

Action                     |  1- 3 |  4- 6 || total
---------------------------+-------+-------++-------
  Melee: War axe           |   107 |    91 ||   198
    Use: Scroll            |     4 |     5 ||     9
         Potion            |     3 |     1 ||     4
 Armour: Scale mail        |    41 |    52 ||    93
  Dodge: Dodged            |    44 |    50 ||    94
  Block: Buckler           |    29 |    26 ||    55

Table legend: (Time is in decaauts)
 A = Elapsed time spent in this place.
 B = Non-inter-level travel time spent in this place.
 C = Inter-level travel time spent in this place.
 D = Time resting spent in this place.
 E = Time spent auto-exploring this place.
 F = Levels seen in this place.
 G = Mean time per level.
                   A        B        C        D        E       F      G
               +--------+--------+--------+--------+--------+-----+--------+
         Total |   2455 |   2345 |    110 |      0 |   1873 |   4 |  613.8 |
       Dungeon |   2455 |   2345 |    110 |      0 |   1873 |   4 |  613.8 |
               +--------+--------+--------+--------+--------+-----+--------+

Top non-repeatable levels by time:
     D:3: 846 daAuts
     D:1: 720 daAuts
     D:2: 643 daAuts
     D:4: 244 daAuts
